 Dungeon Crawl Stone Soup version 0.29.0-15-g675c0067aa (webtiles) character file.

Game seed: 15146479540992913027

80 Axelsxxd the Sneak (level 4, -4/23 HPs)
             Began as a Spriggan Brigand on Sept 11, 2022.
             Slain by an orc
             ... wielding a +0 hand axe
              (5 damage)
             ... on level 4 of the Dungeon.
             The game lasted 00:04:10 (2607 turns).

Axelsxxd the Sneak (Spriggan Brigand)               Turns: 2607, Time: 00:04:11

Health: -4/23      AC:  3    Str:  9    XL:     4   Next: 18%
Magic:  5/5        EV: 17    Int: 12    God:
Gold:   77         SH:  5    Dex: 16    Spells: 3/3 levels left

rFire   . . .      SeeInvis +   a - +2 dagger
rCold   . . .      Faith    .   (no shield)
rNeg    . . .      Spirit   .   b - +0 robe
rPois   .          Reflect  +   (helmet restricted)
rElec   .          Harm     .   c - +0 cloak
rCorr   .          Rampage  .   (gloves unavailable)
Will    .....                   (boots unavailable)
Stlth   +++.......              l - amulet of reflection
HPRegen 0.07/turn               (no ring)
MPRegen 0.09/turn               (no ring)

@: very quick
A: very small, no large weapons, unfitting armour, see invisible, speed 3
a: no special abilities


You were on level 4 of the Dungeon.
You visited 1 branch of the dungeon, and saw 4 of its levels.

You collected 77 gold pieces.

Inventory:

Hand Weapons
 a - a +2 dagger (weapon)
Missiles
 d - 6 poisoned darts (quivered)
 e - 3 curare-tipped darts
 k - 2 throwing nets
Armour
 b - a +0 robe (worn)
 c - a +0 cloak (worn)
Jewellery
 l - an amulet of reflection (around neck)
Scrolls
 f - 2 scrolls of teleportation
 h - a scroll of enchant armour {unknown}
 i - a scroll of silence
 j - a scroll of poison {unknown}
Potions
 g - a potion of brilliance {unknown}
 m - a potion of magic {unknown}
 n - a potion of haste {unknown}
 o - a potion of curing {unknown}


   Skills:
 * Level 2.4 Fighting
 + Level 2.7 Short Blades
 + Level 2.5 Throwing
 + Level 2.4 Dodging
 + Level 6.3 Stealth


You had 3 spell levels left.
You didn't know any spells.
Your spell library contained the following spells:

 Spells                   Type           Power      Damage    Failure   Level
 Beastly Appendage        Tmut           0%         N/A       32%         1
 Sandblast                Erth           0%         2d4       32%         1
 Passwall                 Tmut/Erth      0%         N/A       45%         2
 Wereblood                Tmut           0%         N/A       45%         2
 Spider Form              Tmut/Pois      0%         N/A       69%         3
 Stone Arrow              Conj/Erth      0%         3d7       69%         3
 Corpse Rot               Necr/Pois/Air  0%         N/A       97%         4
 Dispel Undead            Necr           0%         3d6       97%         4
 Blade Hands              Tmut           0%         N/A       100%        5
 Irradiate                Conj/Tmut      0%         3d11      100%        5
 Death Channel            Necr           0%         N/A       100%        6
 Dragon Form              Tmut           0%         N/A       100%        7


Dungeon Overview and Level Annotations

Branches:
Dungeon (4/15)
 Temple: D:4-7

Altars:
Okawaru
Xom


Innate Abilities, Weirdness & Mutations

You are very small and have problems with some larger weapons.
You are too small for most types of armour.
You have supernaturally acute eyesight. (SInv)
You cover ground extremely quickly. (Speed+++)


Message History

The orc closely misses you. The orc barely misses you.
The orc barely misses you. The orc closely misses you.
The orc barely misses you. The orc hits you with a +0 hand axe.
The orc closely misses you. You block the orc's attack.
The orc hits you but does no damage. The orc hits you but does no damage.
The orc completely misses you. You block the orc's attack.
You block the orc's attack. The orc misses you.
The orc hits you with a +0 hand axe. The orc misses you.
The orc closely misses you. You block the orc's attack.
You block the orc's attack. You block the orc's attack.
The orc hits you with a +0 hand axe.
* * * LOW HITPOINT WARNING * * *
The orc barely misses you. You block the orc's attack. The orc misses you.
The orc closely misses you. You block the orc's attack.
The orc hits you with a +0 hand axe.
* * * LOW HITPOINT WARNING * * *
You block the orc's attack. The orc misses you. You block the orc's attack.
You block the orc's attack. You block the orc's attack.
The orc completely misses you. The orc hits you with a +0 hand axe.
* * * LOW HITPOINT WARNING * * *
The orc misses you. The orc hits you with a +0 hand axe.
You die...

.. #...#...[..
..##...#.#...♣.
.....>..?..♣.♣.
.........♣.♣.♣ #####
#......♣.♣.♣.
##....##...#.♣.♣._.♣
..(...o....#..♣.♣.♣.
.......@.......♣.♣.♣.
......##+###....♣.♣..
##... #.....#...♣..
#.. #...#........ ...
#...#....#... /.
#...'....# .....# .
###.#....# ....#
#.###..# #...# ###
#..####...#


You could see an orc.

Vanquished Creatures
  An adder (D:2)
  An adder zombie (D:2)
  A worm (D:2)
  A dart slug (D:2)
  4 orcs (D:2)
  5 ball pythons
  A bat zombie (D:2)
  3 endoplasms
  A giant cockroach (D:1)
  7 goblins
  6 hobgoblins
  4 jackals (D:3)
  2 quokkas (D:1)
  A ball python skeleton (D:2)
  A ball python zombie (D:2)
  3 bats (D:1)
  A frilled lizard (D:1)
  A giant cockroach zombie (D:2)
  7 kobolds
  2 rats (D:2)
53 creatures vanquished.

Vanquished Creatures (others)
  2 withered plants (D:2)
2 creatures vanquished.

Grand Total: 55 creatures vanquished

Notes
Turn   | Place    | Note
-------+----------+-------------------------------------------
     0 | D:1      | Axelsxxd the Spriggan Brigand began the quest for the Orb.
     0 | D:1      | Reached XP level 1. HP: 10/10 MP: 2/2
   158 | D:1      | Reached XP level 2. HP: 6/15 MP: 3/3
   161 | D:1      | Reached skill level 6 in Stealth
   888 | D:2      | Found a shimmering altar of Xom.
   930 | D:2      | Reached XP level 3. HP: 3/18 MP: 4/4
  2053 | D:2      | Reached XP level 4. HP: 20/23 MP: 5/5
  2545 | D:4      | Found an iron altar of Okawaru.
  2605 | D:4      | HP: 1/23 [orc/+0 hand axe (5)]
  2607 | D:4      | Slain by an orc

Illustrated notes

Levels and vault maps discovered:
D:1:      dpeg_arrival_houses_and_road, layout_loops_ring
D:2:      layout_loops_cross, serial_undead, serial_undead_e, serial_undead_b,
          serial_undead_a, serial_undead_e, basic_altar
D:3:      layout_rooms
D:4:      layout_gridville, cheibrodos_worm_habitat, kennysheep_mini,
          okawaru_trees_2, nicolae_tso_swordbearing_angel,
          minmay_temple_entry_enclosed_plants, gup_sewer_entry_pipe

Skill      XL: |  1  2 |
---------------+-------+-----
Stealth        | 6 |  6.3
Fighting       | 2 |  2.4
Dodging        | 2 |  2.4
Short Blades   | |  2.7
Throwing       | |  2.5

Action                   |  1- 3 |  4- 6 || total
-------------------------+-------+-------++-------
Melee: Dagger            |   121 |    39 ||   160
       Punch             |     2 |       ||     2
Throw: Dart              |    18 |     3 ||    21
  Use: Scroll            |     2 |       ||     2
 Stab: Sleeping          |    10 |       ||    10
       Distracted        |     1 |       ||     1
Armor: Robe              |    24 |     7 ||    31
Dodge: Dodged            |    69 |    40 ||   109
Block: Other             |     2 |    25 ||    27
